 Dungeon Crawl Stone Soup version 0.31-a0-675-g238779eb0a (webtiles) character file.

Game seed: 895856806142547579

31 qw the Shooter (level 3, -6/22 HPs)
             Began as a Gargoyle Hunter on Sept 5, 2023.
             Mangled by Terence
             ... wielding a +0 trident
              (7 damage)
             ... on level 2 of the Dungeon.
             The game lasted 00:00:22 (992 turns).

qw the Shooter (Gargoyle Hunter)                     Turns: 992, Time: 00:00:22

Health: -6/22      AC:  6    Str: 14    XL:     3   Next: 22%
Magic:  3/3        EV: 11    Int:  9    God:
Gold:   73         SH:  0    Dex: 15    Spells: 2/2 levels left

rFire   . . .        Y - +1 shortbow
rCold   . . .        (shield currently unavailable)
rNeg    + . .        c - +0 leather armour
rPois   inf          (no helmet)
rElec   +            k - scarf {repulsion}
rCorr   .            (no gloves)
SInv    .            (no boots)
Will    .....        (no amulet)
Stlth   ++           (no ring)
HPRegen 0.23/turn    (no ring)
MPRegen 0.08/turn

%: repel missiles
@: no status effects
A: sickness immunity, AC +3, negative energy resistance 1, electricity
resistance, torment resistance 1, petrification resistance
a: no special abilities


You were on level 2 of the Dungeon.
You visited 1 branch of the dungeon, and saw 2 of its levels.

You collected 73 gold pieces.


Innate Abilities, Weirdness & Mutations

You are immune to sickness and miasma.
Your stone body is resilient. (AC +3)
You are immune to poison.
You resist negative energy. (rN+)
You are resistant to electric shocks. (rElec)
You are resistant to unholy torment.
You are immune to petrification.


   Skills:
 + Level 2.3 Fighting
 - Level 5.0 Ranged Weapons
 - Level 1.5 Dodging
 - Level 1.1 Stealth


You had 2 spell levels left.
You didn't know any spells.
Your spell library was empty.

Inventory:

Hand Weapons
 Y - a +1 shortbow (weapon)
Armour
 c - a +0 leather armour (worn)
 k - a scarf of repulsion (worn)
Potions
 e - a potion of haste {unknown}
 f - a potion of heal wounds {unknown}

Dungeon Overview and Level Annotations

Branches:
Dungeon (2/15)

Altars:

Shops:
D:1 :*

Annotations:
D:2 Terence


Message History

There is an open door here.
There is an open door here.
There is an open gate here.
There is an open door here.
There is a stone staircase leading down here.
You climb downwards.
There is a stone staircase leading up here.
Waypoint 1 assigned to D:2.
Terence the Incautious comes into view.
He is wielding a +0 trident.
You shoot an arrow.
The arrow hits Terence but does no damage.
Terence shouts!
Terence is nearby!
You shoot an arrow. The arrow closely misses Terence.
You shoot an arrow.
The arrow hits Terence but does no damage.
Terence hits you from afar with a +0 trident.
You shoot an arrow.
The arrow hits Terence but does no damage.
Terence hits you from afar with a +0 trident.
You shoot an arrow.
The arrow hits Terence but does no damage.
Terence hits you from afar with a +0 trident.
You shoot an arrow. The arrow barely misses Terence.
Terence barely misses you.
Terence hits you from afar with a +0 trident.
You shoot an arrow. The arrow closely misses Terence.
Terence closely misses you.
You shoot an arrow. The arrow closely misses Terence.
Terence barely misses you.
You shoot an arrow.
The arrow hits Terence but does no damage.
Terence closely misses you.
You shoot an arrow. The arrow barely misses Terence.
Terence hits you from afar with a +0 trident.
You shoot an arrow. The arrow barely misses Terence.
Terence hits you from afar with a +0 trident.
You shoot an arrow. The arrow closely misses Terence.
Terence hits you from afar with a +0 trident!
You die...

# #. #..
###..
.....@####
.......@.#
......##.#
..... #.#
.... #<#
... #.# ##
#.# #.#
#.# #.#


You could see Terence.

Vanquished Creatures
  2 dart slugs (D:1)
  3 ball pythons (D:1)
  6 bats (D:1)
  2 endoplasms (D:1)
  A giant cockroach (D:1)
  2 goblins (D:1)
  2 hobgoblins (D:1)
  A kobold (D:1)
  A quokka (D:1)
  2 frilled lizards (D:1)
  5 rats (D:1)
27 creatures vanquished.

Notes
Turn   | Place    | Note
-------+----------+-------------------------------------------
     0 | D:1      | qw the Gargoyle Hunter began the quest for the Orb.
     0 | D:1      | Reached XP level 1. HP: 12/12 MP: 1/1
     0 | D:1      | 0 ||| qw: Version: 0.3-a-75-g829b12e
     0 | D:1      | 0 ||| qw: Game counter: 210
     0 | D:1      | 0 ||| qw: Melee chars always use a shield: true
     0 | D:1      | 0 ||| qw: God list: Okawaru
     0 | D:1      | 0 ||| qw: Allow faded altars: false
     0 | D:1      | 0 ||| qw: Do Orc after clearing Dungeon:15 true
     0 | D:1      | 0 ||| qw: Do second Lair branch before Depths: true
     0 | D:1      | 0 ||| qw: Lair rune preference: random
     0 | D:1      | 0 ||| qw: Goals: Normal
     0 | D:1      | 0 ||| PLANNING D:1-11
   125 | D:1      | Found Xyconlal's Assorted Antiques.
   130 | D:1      | 130 ||| SHOPLISTING fuming blue potion (22 gold, have 8).
   130 | D:1      | 130 ||| SHOPLISTING scroll labelled NUREQE SAOFU (25 gold,
                  | have 8).
   130 | D:1      | 130 ||| SHOPLISTING thick robe (142 gold, have 8).
   142 | D:1      | Reached XP level 2. HP: 17/17 MP: 2/2
   290 | D:1      | Found Ceuduin's Book Shop.
   468 | D:1      | Reached XP level 3. HP: 21/21 MP: 3/3
   717 | D:1      | Reached skill level 5 in Ranged Weapons
   898 | D:1      | 898 ||| UPGRADING to scarf of repulsion.
   903 | D:1      | 903 ||| DROPPING ring of magical power.
   904 | D:1      | 904 ||| READING scroll labelled PAOCIR FUTINI.
   905 | D:1      | 905 ||| READING scroll labelled WIXKOBR TUMUSU.
   906 | D:1      | 906 ||| READING scroll labelled ZIFE ODDUL.
   907 | D:1      | 907 ||| DRINKING 2 lumpy yellow potions.
   948 | D:1      | 948 ||| DROPPING scroll of butterflies.
   949 | D:1      | 949 ||| DROPPING potion of lignification.
   978 | D:2      | Noticed Terence
   991 | D:2      | HP: 1/22 [Terence/+0 trident (6)]
   992 | D:2      | Mangled by Terence

Levels and vault maps discovered:
D:1:      shiori_arrival_elements, layout_loops_corners, serial_shops, shop,
          shop
D:2:      layout_basic, serial_corexii_hall, chequers_hall_statues_wall_a,
          chequers_hall_statues_y, chequers_hall_statues_y,
          corexii_hall_statues_i, uniq_crazy_yiuf_cottage, uniq_jessica,
          uniq_sigmund, uniq_terence, uniq_natasha

Skill      XL: |  1  2  3 |
---------------+----------+-----
Ranged Weapons | 5 |  5.0
Fighting       | |  2.3
Dodging        | |  1.5
Stealth        | |  1.1

Action                     || total
---------------------------++-------
   Fire: Shortbow          ||    90
    Use: Scroll            ||     3
         Potion            ||     1
 Armour: Leather armour    ||    18
  Dodge: Dodged            ||    23

Table legend:
 A = Non-vault XP
 B = Vault XP
 C = Vault XP percentage of total XP
 D = Non-vault monster count
 E = Vault monster count
 F = Vault count percentage of total count
                 A         B        C        D         E       F
            +---------+---------+-------+---------+---------+-------
      Total |      45 |       0 |   0.0 |      27 |       0 |   0.0
            +---------+---------+-------+---------+---------+-------
        D:1 |      45 |       0 |   0.0 |      27 |       0 |   0.0
            +---------+---------+-------+---------+---------+-------
